Map: Orbital Shipyard

Players

Burt - Winner!

  • Race: Terran Terran
  • League: Platinum

GeneralZ

  • Race: Terran Terran
  • League: Diamond

VOD

Have the link to the VOD?

Description

Time

  • Played on: Dec. 1, 2015, 11:16 p.m.
  • Length: 8:44
Show
View Real Time Build Order
Export as new Build Order

Burt Terran - Winner!

Build Orders:  

Get SALT Encoding   

  12  0:01  SCV  
  13  0:13  SCV  
  14  0:18  Supply Depot  
  14  0:25  SCV  
  15  0:40  SCV  
  15  0:41  Barracks  
  16  0:46  Refinery  
  16  0:52  SCV  
  17  0:58  Refinery  
  17  1:04  SCV  
  18  1:16  SCV  
  19  1:28  Reaper  
  19  1:29  Orbital Command  
  20  1:34  Supply Depot  
  20  1:55  SCV  
  20  1:59  Factory  
  21  2:07  SCV  
  22  2:08  Barracks Reactor  
  22  2:16  Supply Depot  
  22  2:19  SCV  
  23  2:31  SCV  
  24  2:43  SCV  
  21  2:55  SCV  
  21  2:57  Hellion, Marine x2  
  26  2:59  Starport  
  26  3:07  SCV  
  27  3:19  SCV  
  25  3:29  Marine x2  
  25  3:31  SCV  
  23  3:43  SCV  
  23  3:44  Hellion, Medivac  
  23  3:46  Marine x2  
  30  3:56  SCV  
  30  3:57  Barracks  
  30  3:59  Supply Depot  
  31  4:08  SCV  
  32  4:13  Factory Tech Lab, Marine  
  32  4:14  Marine  
  34  4:17  Starport Tech Lab  
  34  4:20  SCV  
  34  4:23  Supply Depot  
  35  4:31  Marine x2  
  35  4:32  SCV  
  35  4:36  Siege Tank  
  41  4:39  Banshee  
  41  4:44  SCV  
  45  4:47  Marine  
  46  4:56  SCV  
  47  5:08  SCV  
  42  5:30  Marine x2  
  42  5:32  Marine  
  42  5:33  SCV  
  42  5:43  Supply Depot  
  42  5:45  SCV  
  42  5:46  Medivac  
  42  5:48  Marine  
  48  5:50  Hellion  
  48  5:55  Marine  
  48  5:56  Marine  
  50  5:57  SCV  
  51  6:04  Engineering Bay  
  51  6:06  Engineering Bay, Marine  
  51  6:07  Command Center  
  52  6:13  Marine x2  
  54  6:24  Marine  
  55  6:26  Medivac  
  55  6:31  Marine x2  
  57  6:42  Marine  
  56  6:49  Marine x2  
  58  6:59  Marine  
  59  7:07  Marine x2  
  58  7:17  Marine  
  54  7:24  Marine  
  54  7:25  Marine  
  54  7:26  Engineering Bay  
  56  7:35  Marine  
  56  7:42  Marine x2  
  57  7:53  Marine  
  58  8:00  Marine x2  
  60  8:11  Marine  
  61  8:18  Marine x2  
Show
View Real Time Build Order
Export as new Build Order

GeneralZ Terran 

Build Orders: MMM Bio 

Get SALT Encoding   

  12  0:01  SCV  
  13  0:13  Supply Depot  
  13  0:18  SCV  
  14  0:30  SCV  
  14  0:35  Barracks  
  15  0:42  SCV  
  16  0:52  Refinery  
  16  0:54  SCV  
  16  0:56  Refinery  
  17  1:06  SCV  
  18  1:21  Orbital Command  
  18  1:25  Barracks  
  18  1:29  Reaper  
  19  1:47  SCV  
  20  1:54  Supply Depot  
  20  2:01  Reaper  
  20  2:07  SCV  
  22  2:13  Reaper  
  23  2:22  Command Center  
  23  2:33  Reaper  
  24  2:53  SCV  
  25  3:02  Marine  
  26  3:05  SCV, Marine  
  26  3:11  Factory  
  28  3:18  SCV  
  29  3:30  SCV  
  29  3:45  Orbital Command  
  28  3:51  Barracks Tech Lab  
  28  3:52  SCV  
  29  3:57  Barracks x2  
  29  4:04  SCV  
  29  4:05  Factory Tech Lab  
  30  4:12  SCV  
  30  4:15  Command Center, Barracks Tech Lab  
  30  4:16  SCV  
  32  4:21  Refinery  
  32  4:23  Widow Mine  
  32  4:24  SCV  
  32  4:28  SCV  
  36  4:36  SCV  
  37  4:38  Refinery  
  37  4:40  SCV  
  37  4:42  Marauder  
  37  4:45  Marine, Marauder  
  42  4:46  Starport  
  42  4:50  SCV  
  44  4:53  SCV  
  44  4:58  Supply Depot  
  45  5:01  Marine  
  45  5:03  Marine  
  45  5:04  Marine  
  45  5:12  Hellion  
  44  5:15  Marine  
  44  5:19  Marine  
  44  5:21  Marine  
  46  5:22  Marine  
  46  5:29  SCV x2  
  46  5:33  Marine, Starport Reactor  
  46  5:35  Stimpack  
  49  5:41  SCV  
  49  5:42  SCV  
  52  5:44  Orbital Command  
  51  5:53  SCV  
  51  5:54  SCV, Marauder x2  
  51  5:56  Marine  
  58  6:02  Combat Shields  
  58  6:05  SCV  
  58  6:06  SCV  
  60  6:17  SCV  
  61  6:19  SCV  
  61  6:21  Marine x4  
  61  6:25  Widow Mine  
  63  6:28  Viking  
  63  6:29  SCV  
  67  6:39  Marine x4  
  65  6:51  SCV  
  65  6:56  Marine  
  65  6:57  Marine x3  
  69  7:03  Medivac  
  69  7:04  Medivac  
  63  7:14  Marine x2  
  63  7:15  Marine x2  
  54  7:32  Marine x3  
  54  7:34  Liberator  
  54  7:40  SCV x2  
  54  7:41  Liberator  
  54  7:43  Siege Tank  
  57  7:50  Marine x3  
  60  7:52  Barracks  
  60  7:54  Barracks  
  48  8:08  Marine x3  
  45  8:25  Marine  
  45  8:26  Marine  
Tags
 
Add a new tag
Caveats
  • Supply blocks, unpowered buildings, or Contaminate may cause inaccurate times.
  • Supply counts are checked every 10 seconds.